 Dungeon Crawl Stone Soup version 0.23-a0-398-g8eab93f (webtiles) character file.

226 BingusPrime the Chopper (level 5, 35/50 HPs)
             Began as a Deep Dwarf Berserker on Nov 2, 2018.
             Was a Believer of Trog.
             Quit the game on level 3 of the Dungeon.
             The game lasted 00:03:36 (1213 turns).

BingusPrime the Chopper (Deep Dwarf Berserker)      Turns: 1213, Time: 00:03:37

Health: 35/50      AC:  6    Str: 20    XL:     5   Next: 69%
Magic:  4/4        EV: 10    Int:  8    God:    Trog [**....]
Gold:   114        SH:  0    Dex: 17    Spells: 4/4 levels left

rFire    . . .     SeeInvis +   a - +0 hand axe
rCold    . . .     Gourm    .   (no shield)
rNeg     . . .     Faith    .   e - +0 ring mail
rPois    .         Spirit   .   (no helmet)
rElec    .         Reflect  .   (no cloak)
rCorr    .         Harm     .   (no gloves)
MR       .....                  d - +0 pair of boots
Stlth    +.........             (no amulet)
HPRegen  0.00/turn              p - ring of see invisible
MPRegen  0.09/turn              q - +4 ring of dexterity

@: non-regenerating, extremely drained
A: damage resistance, heal wounds, sense surroundings 1, no regeneration
a: Heal Wounds, Berserk, Trog's Hand, Renounce Religion


You were on level 3 of the Dungeon.
You worshipped Trog.
Trog was pleased with you.
You were hungry.

You visited 1 branch of the dungeon, and saw 3 of its levels.

You collected 114 gold pieces.

Inventory:

Hand Weapons
 a - a +0 hand axe (weapon)
Missiles
 m - 21 bolts
Armour
 b - a +0 animal skin
 d - a +0 pair of boots (worn)
 e - a +0 ring mail (worn)
Jewellery
 p - a ring of see invisible (left hand)
 q - a +4 ring of dexterity (right hand)
Wands
 r - a wand of scattershot (4)
Scrolls
 h - 2 scrolls of amnesia {unknown}
 i - a scroll of remove curse {unknown}
 j - a scroll of fog {unknown}
 l - a scroll of enchant armour {unknown}
Potions
 f - 2 potions of berserk rage {unknown}
 g - 2 potions of curing {unknown}
 k - a potion of brilliance {unknown}
 n - 2 potions of mutation {unknown}
 o - a potion of lignification {unknown}
Comestibles
 c - 4 rations


   Skills:
 * Level 3.7(0.0) Fighting
 + Level 5.2(0.0) Axes
 + Level 3.2(0.0) Armour
 + Level 3.4(0.0) Dodging
 + Level 0.2(0.0) Stealth


You had 4 spell levels left.
You didn't know any spells.
Your spell library was empty.

Dungeon Overview and Level Annotations

Branches:
Dungeon (3/15)

Altars:


Innate Abilities, Weirdness & Mutations

You are resistant to damage.
You can heal yourself by infusing magical energy.
You passively map a small area around you.
You do not regenerate.


Message History

The orc wizard is almost dead.
The orc wizard hits you with a +3 dagger of draining.
You feel drained.
The orc wizard gestures at you while chanting.
You easily resist.
Unknown command.
You slash the orc wizard!
You kill the orc wizard!
Trog accepts your kill.
Trog appreciates your killing of a magic user.
Unknown command.
Things that are here:
a +3 dagger of draining; a +0 robe; an orc corpse
Things that are here:
a +0 whip; an orc corpse
Items here: ) [ †† a +0 chain mail; a +0 club; an orc corpse x2
Quiver which item? (- for none, * to show all) (? for menu, Esc to quit)
Okay, then.
Are you sure you want to abandon this character and quit the game? (Confirm

, * ......... , ,, , *
......... * , ........) ,
** #######.#
####################....
,,
...................#....
*
...................#....
...................####.
.......@)........(......
,
.......)..)........####.
,........................
,.........†..............
,
........................
........................
.............######.....
, ############## ##....
** #....


There were no monsters in sight!

Vanquished Creatures
  An orc priest (D:3)
  2 orc wizards (D:3)
  Ijyb (D:3)
  6 adders
  2 worms (D:2)
  A dart slug (D:3)
  A leopard gecko (D:2)
  3 orcs (D:3)
  A ball python (D:3)
  2 giant cockroaches
  4 goblins
  4 hobgoblins
  6 jackals (D:1)
  6 kobolds
  A quokka (D:2)
  7 bats
  7 rats
55 creatures vanquished.

Notes
Turn   | Place    | Note
-------+----------+-------------------------------------------
     0 | D:1      | BingusPrime the Deep Dwarf Berserker began the quest for
                  | the Orb.
     0 | D:1      | Reached XP level 1. HP: 20/20 MP: 1/1
    90 | D:1      | Reached XP level 2. HP: 27/27 MP: 2/2
   421 | D:1      | Reached ** piety under Trog
   568 | D:2      | Reached XP level 3. HP: 34/34 MP: 3/3
   598 | D:2      | Reached skill level 4 in Axes
   736 | D:2      | Reached XP level 4. HP: 27/42 MP: 4/4
  1020 | D:3      | Noticed Ijyb
  1039 | D:3      | Killed Ijyb
  1172 | D:3      | Reached XP level 5. HP: 30/49 MP: 4/4
  1191 | D:3      | Reached skill level 5 in Axes
  1213 | D:3      | Quit the game

Vault maps used:
D:1:      lightli_arrival_statue_moat
D:2:      first_ration
D:3:      lemuel_doored_altar, uniq_sigmund, uniq_terence, uniq_ijyb

Skill      XL: |  1  2  3  4  5 |
---------------+----------------+-----
Fighting       | 3 |  3.7
Axes           | 4 5 |  5.2
Dodging        | 3 |  3.4
Armour         | 3 |  3.2
Stealth        | |  0.2

Action                   |  1- 3 |  4- 6 || total
-------------------------+-------+-------++-------
Melee: Hand axe          |   133 |   124 ||   257
 Abil: Heal Wounds       |     2 |     3 ||     5
  Eat: Chunk             |       |     1 ||     1
Armor: Animal skin       |    36 |       ||    36
       Ring mail         |    44 |    45 ||    89
Dodge: Dodged            |   125 |    80 ||   205

Table legend:
 A = Non-vault XP
 B = Vault XP
 C = Vault XP percentage of total XP
 D = Non-vault monster count
 E = Vault monster count
 F = Vault count percentage of total count
                 A         B        C        D         E       F
            +---------+---------+-------+---------+---------+-------
      Total |     288 |      36 |  11.1 |      54 |       1 |   1.8
            +---------+---------+-------+---------+---------+-------
        D:1 |      32 |       0 |   0.0 |      20 |       0 |   0.0
        D:2 |     101 |       0 |   0.0 |      22 |       0 |   0.0
        D:3 |     155 |      36 |  18.8 |      12 |       1 |   7.7
            +---------+---------+-------+---------+---------+-------
